 Dungeon Crawl Stone Soup version 0.26.0-10-g1f06aea511 (webtiles) character file.

Game seed: 2688527891158475221

443 inc the Scratcher (level 6, 0/24 HPs)
             Began as a Felid Enchanter on Feb 1, 2021.
             Shot with an arrow by a centaur (11 damage)
             ... on level 5 of the Dungeon.
             The game lasted 00:09:13 (7647 turns).

inc the Scratcher (Felid Enchanter)                 Turns: 7647, Time: 00:09:14

Health: 0/24       AC:  2    Str:  4      XL:     6   Next: 71%
Magic:  8/11       EV: 18    Int: 16      God:
Gold:   255        SH:  0    Dex: 18 (19) Spells: 5/11 levels left
                                        Lives:  0   Deaths: 1

rFire    . . .     SeeInvis +     - Unarmed
rCold    . . .     Faith    .   (shield unavailable)
rNeg     . . .     Spirit   .   (armour unavailable)
rPois    .         Reflect  .   (helmet unavailable)
rElec    .         Harm     .   (cloak unavailable)
rCorr    .         Rampage  .   (gloves unavailable)
Will     .....                  (boots unavailable)
Stlth    +++.......             (no amulet)
HPRegen  0.08/turn              (no ring)
MPRegen  0.12/turn              (no ring)

@: quick
A: very small, no armour, no weapons or thrown items, stealth, claws 1, fangs 3,
see invisible, speed 1, shaggy fur 2, sharp paws
a: no special abilities


You were on level 5 of the Dungeon.
You visited 1 branch of the dungeon, and saw 5 of its levels.

You collected 255 gold pieces.

Inventory:

Jewellery
 r - a +6 ring of strength {unknown}
 v - an uncursed ring of positive energy
Wands
 m - a wand of random effects (30)
Scrolls
 a - 5 scrolls of remove curse
 c - a scroll of noise {unknown}
 d - a scroll of immolation {unknown}
 e - 3 scrolls of identify {unknown}
 g - 2 scrolls of enchant armour {unknown}
 h - a scroll of fear {unknown}
 k - 2 scrolls of blinking {unknown}
 o - a scroll of random uselessness {unknown}
 p - 4 scrolls of teleportation {unknown}
 q - a scroll of magic mapping {unknown}
 s - a scroll of enchant weapon {unknown}
 w - a scroll of fog {unknown}
Potions
 b - 2 potions of lignification
 f - 2 potions of magic {unknown}
 i - 2 potions of brilliance {unknown}
 j - a potion of curing {unknown}
 l - a potion of degeneration {unknown}
 n - 2 potions of haste {unknown}
 t - 2 potions of heal wounds {unknown}
 u - a potion of mutation {unknown}


   Skills:
 - Level 2.6 Dodging
 - Level 4.0 Stealth
 - Level 6.6 Unarmed Combat
 - Level 3.2 Spellcasting
 + Level 6.1 Hexes


You had 5 spell levels left.
You knew the following spells:

 Your Spells              Type           Power        Failure   Level
a - Corona                Hex            24%          1%          1
b - Ensorcelled Hibernat  Hex/Ice        24%          8%          2
c - Confusing Touch       Hex            22%          4%          3

Your spell library contained the following spells:

 Spells                   Type           Power        Failure   Level
 Tukima's Dance           Hex            22%          4%          3
 Dazzling Flash           Conj/Hex       24%          16%         3


Dungeon Overview and Level Annotations

Branches:
Dungeon (5/15)
 Temple: D:4-7

Altars:
Cheibriados
Elyvilon
Gozag
Nemelex Xobeh

Shops:
D:5 (


Innate Abilities, Weirdness & Mutations

You cannot wear armour.
You are incapable of wielding weapons or throwing items.
Your paws allow you to move quietly. (Stealth)
You have sharp claws.
You have razor-sharp teeth.
You have supernaturally acute eyesight. (SInv)
You cover ground quickly.
You are covered in thick fur. (AC +2)
Your sharp claws are effective at attacking unaware monsters.


Message History

Confirm with . or Enter, or press ? or * to list all spells.
The spell is quite dangerous to cast (4% risk of failure)!
Continue anyway?
Your paws begin to glow red.
The quasit barely misses you.
The quasit claws you but does no damage.
The quasit misses you.
You scratch the quasit but do no damage.
The quasit appears confused.
You bite the quasit, but do no damage.
A centaur comes into view.
You scratch the quasit.
The quasit is lightly wounded.
You scratch the quasit. You claw the quasit. You bite the quasit.
The quasit is severely wounded.
The centaur wields a +0 shortbow.
The centaur shoots an arrow.
The arrow hits you!
Ouch! That really hurt!
The quasit barely misses you. The quasit claws you.
You feel clumsy. The quasit closely misses you.
The centaur shoots an arrow.
The arrow hits you!
You die...

##.# .###### # #.# #...# #
#.# #...# # #.# #...# #
#.## ####...## # #..# #
####.......# #
##.#.#.#####..........# #
#.#....c...........∩.# #
#.#.......@.........## #
#)#........(........# #
#.#.......5.........# #
#.#....#............# #
#...##
###..........####### ##..#
#...............##
#.>...#...######....###.##
##.#......# ####.# #.##
.#......# #.# #.##


You could see a centaur and a quasit (confused).

Vanquished Creatures
  A scorpion (D:5)
  A bullfrog zombie (D:5)
  3 orc priests
  2 hounds
  Jessica (D:3)
  2 orc wizards
  A worker ant (D:3)
  7 adders
  12 gnolls
  A shadow imp (D:5)
  An ufetubus (D:5)
  2 worms (D:2)
  3 dart slugs
  11 orcs
  4 ball pythons
  3 giant cockroaches
  4 goblins
  4 hobgoblins
  A jackal (D:5)
  3 kobolds
  3 quokkas
  8 bats
  3 frilled lizards (D:1)
  2 leopard gecko skeletons
  6 rats
89 creatures vanquished.

Notes
Turn   | Place    | Note
-------+----------+-------------------------------------------
     0 | D:1      | inc the Felid Enchanter began the quest for the Orb.
     0 | D:1      | Reached XP level 1. HP: 7/7 MP: 4/4
   161 | D:1      | Reached XP level 2. HP: 7/11 MP: 6/6
   534 | D:1      | Learned a level 2 spell: Ensorcelled Hibernation
   920 | D:1      | You fall into a shaft and drop 1 floor!
  1255 | D:2      | Reached XP level 3. HP: 14/14 MP: 7/7
  1310 | D:2      | Found a sparkling altar of Nemelex Xobeh.
  1310 | D:2      | Found an opulent altar of Gozag.
  1962 | D:2      | Reached XP level 4. HP: 18/18 MP: 5/8
  2583 | D:3      | Noticed Jessica
  2588 | D:3      | Killed Jessica
  2919 | D:3      | Reached skill level 5 in Unarmed Combat
  2919 | D:3      | Reached XP level 5. HP: 9/21 MP: 0/9
  3403 | D:3      | HP: 1/21 [gnoll/+0 flail (17)]
  4809 | D:4      | Gained mutation: You are covered in thick fur. (AC +2)
                  | [Felid growth]
  4809 | D:4      | Reached XP level 6. HP: 19/24 MP: 5/10
  5342 | D:3      | Killed from afar by an orc priest
  5343 | D:3      | Reached XP level 5. HP: 0/21 MP: 4/9
  5451 | D:4      | Learned a level 3 spell: Confusing Touch
  6009 | D:4      | Reached XP level 6. HP: 20/24 MP: 8/11
  6549 | D:5      | Entered Level 5 of the Dungeon
  6575 | D:5      | Found a snail-covered altar of Cheibriados.
  6579 | D:5      | Found a white marble altar of Elyvilon.
  7150 | D:5      | Reached skill level 5 in Hexes
  7621 | D:5      | Found Robop's Weapon Emporium.
  7647 | D:5      | Shot with an arrow by a centaur

Illustrated notes

Levels and vault maps discovered:
D:1:      minmay_arrival_diagonal_passages, layout_rooms,
          chequers_hall_statues_corner_a, minmay_statues_item, minivault_14
D:2:      layout_basic, grunt_temple_overflow_opulence
D:3:      layout_basic, uniq_jessica
D:4:      layout_cave_pools
D:5:      lemuel_castle_with_subvaults [lemuel_castle_interior_carwin_1],
          layout_basic, grunt_temple_overflow_open, serial_shops, shop

Skill      XL: |  1  2  3  4  5  6 |
---------------+-------------------+-----
Unarmed Combat | 2 3 5 6 |  6.6
Spellcasting   | 3 |  3.2
Hexes          | 6 |  6.1
Dodging        | |  2.6
Stealth        | |  4.0

Action                   |  1- 3 |  4- 6 || total
-------------------------+-------+-------++-------
Melee: Unarmed           |    83 |    98 ||   181
       Bite              |     2 |     4 ||     6
       Punch             |       |     3 ||     3
 Cast: Ensorcelled Hiber |    19 |    96 ||   115
       Corona            |     3 |       ||     3
       Confusing Touch   |       |     1 ||     1
  Use: Scroll            |       |     1 ||     1
       Potion            |       |     1 ||     1
 Stab: Sleeping          |    21 |    45 ||    66
Armor: Skin              |     6 |    18 ||    24
Dodge: Dodged            |    83 |   141 ||   224
